 Dungeon Crawl Stone Soup version 0.29-a0-887-gcbe080d7e0 (webtiles) character file.

Game seed: 17726528580033400598

23 IdlyInterested the Stinger (level 2, 0/22 HPs)
             Began as a Demonspawn Wanderer on July 21, 2022.
             Slain by a worm (5 damage)
             ... on level 2 of the Dungeon.
             The game lasted 00:04:44 (1800 turns).

IdlyInterested the Stinger (Demonspawn Wanderer)    Turns: 1800, Time: 00:04:45

Health: 0/22       AC:  7    Str: 13    XL:     2   Next: 75%
Magic:  3/3        EV:  9    Int: 15    God:
Gold:   68         SH:  0    Dex:  9    Spells: 3/3 levels left

rFire   . . .      SeeInvis .   j - +1 short sword
rCold   . . .      Faith    .   (no shield)
rNeg    . . .      Spirit   .   c - +0 scale mail
rPois   .          Reflect  .   (no helmet)
rElec   .          Harm     .   (no cloak)
rCorr   .          Rampage  .   (no gloves)
Will    .....                   a - +0 pair of boots
Stlth   ..........              (no amulet)
HPRegen 0.07/turn               (no ring)
MPRegen 0.16/turn               (no ring)

@: no status effects
A: magic regeneration
a: no special abilities


You were on level 2 of the Dungeon.
You visited 1 branch of the dungeon, and saw 2 of its levels.

You collected 68 gold pieces.

Inventory:

Hand Weapons
 j - a +1 short sword (weapon)
Missiles
 k - 3 boomerangs of dispersal (quivered)
Armour
 a - a +0 pair of boots (worn)
 c - a +0 scale mail (worn)
 d - a +0 ring mail
 f - a +0 leather armour
Scrolls
 l - a scroll of immolation
Potions
 b - a potion of might
 i - a potion of mutation {unknown}


   Skills:
 * Level 1.6 Fighting
 - Level 3.0 Armour
 + Level 1.0 Dodging
 - Level 1.0 Stealth
 - Level 1.0 Spellcasting
 - Level 2.0 Summonings
 - Level 3.0 Poison Magic
 + Level 0.1 Evocations


You had 3 spell levels left.
You didn't know any spells.
Your spell library contained the following spells:

 Spells                   Type           Power      Damage    Failure   Level
 Summon Small Mammal      Summ           24%        N/A       43%         1
 Sting                    Tmut/Pois      20%        1d4       52%         1
 Poisonous Vapours        Pois/Air       10%        N/A       65%         2
 Spider Form              Tmut/Pois      5%         N/A       87%         3
 Summon Guardian Golem    Hex/Summ       3%         N/A       91%         3


Dungeon Overview and Level Annotations

Branches:
Dungeon (2/15)

Altars:


Innate Abilities, Weirdness & Mutations

You regenerate magic rapidly.


Message History

As you read the scroll labelled LAGONN TEYKK, it crumbles to dust.
It is a scroll of enchant weapon.
Your +0 short sword glows red for a moment.
As you read the scroll labelled FEIREL WAPPE, it crumbles to dust.
You feel strangely unstable.
It was a scroll of teleportation.
Your surroundings suddenly seem different.
Found a ring mail.
You see here a +0 ring mail.
d - a +0 ring mail A worm comes into view.
You hit the worm. You punch the worm, but do no damage.
The worm is lightly wounded.
The worm bites you.
You barely miss the worm.
The worm is lightly wounded.
You hit the worm.
The worm is lightly wounded.
The worm bites you but does no damage.
You hit the worm.
The worm is lightly wounded.
The worm bites you!
You hit the worm.
The worm is moderately wounded.
You hit the worm.
The worm is heavily wounded.
The worm bites you.
* * * LOW HITPOINT WARNING * * *
You hit the worm.
The worm is heavily wounded.
The worm bites you but does no damage.
You hit the worm but do no damage.
The worm is heavily wounded.
You hit the worm.
The worm is severely wounded.
The worm bites you.
* * * LOW HITPOINT WARNING * * *
You hit the worm.
The worm is almost dead.
The worm bites you.
You die...

##.......##
##.....##
##...## #+##
# .#
######.####
#.........#
##.##@w....#
#
#...##...#.#
#.####...#
#.##
#........#
##
##########


You could see a worm.

Vanquished Creatures
  A bat (D:1)
  2 endoplasms (D:1)
  A giant cockroach (D:1)
  A goblin (D:1)
  2 hobgoblins (D:1)
  3 jackals (D:2)
  A quokka (D:2)
  A ball python (D:1)
  3 frilled lizards
  4 kobolds (D:1)
  A rat (D:1)
20 creatures vanquished.

Notes
Turn   | Place    | Note
-------+----------+-------------------------------------------
     0 | D:1      | IdlyInterested the Demonspawn Wanderer began the quest for
                  | the Orb.
     0 | D:1      | IdlyInterested set off with the following items: a +0 club,
                  | a potion of might, a +0 scale mail; and the following
                  | spells available to memorise: Summon Small Mammal, Sting,
                  | Poisonous Vapours, Spider Form, Summon Guardian Golem.
     0 | D:1      | Reached XP level 1. HP: 13/13 MP: 2/2
   589 | D:1      | Reached skill level 1 in Fighting
   656 | D:1      | Gained mutation: You regenerate magic rapidly. [demonic
                  | ancestry]
   656 | D:1      | Reached XP level 2. HP: 21/21 MP: 3/3
  1407 | D:2      | Reached skill level 1 in Stealth
  1408 | D:2      | HP: 1/21 [jackal (2)]
  1749 | D:2      | Found a faded altar of an unknown god.
  1800 | D:2      | Slain by a worm

Illustrated notes

Levels and vault maps discovered:
D:1:      spicycebolla_arrival_clurvy, layout_loops_corners, glass_columns_a,
          ebering_dispersal_statue_hall
D:2:      layout_loops_corners, hellmonk_ecumenical_altar_blasted

Skill      XL: |  1  2 |
---------------+-------+-----
Fighting       | 1 |  1.6
Stealth        | 1 |  1.0
Armour         | 3 |  3.0
Dodging        | |  1.0
Spellcasting   | |  1.0
Summonings     | |  2.0
Poison Magic   | |  3.0
Evocations     | |  0.1

Action                   || total
-------------------------++-------
Melee: Club              ||    28
       Short sword       ||   113
       Punch             ||     3
  Use: Scroll            ||     5
       Potion            ||     1
Armor: Scale mail        ||    83
Dodge: Dodged            ||    85

Table legend: (Time is in decaauts)
 A = Elapsed time spent in this place.
 B = Non-inter-level travel time spent in this place.
 C = Inter-level travel time spent in this place.
 D = Time resting spent in this place.
 E = Time spent auto-exploring this place.
 F = Levels seen in this place.
 G = Mean time per level.
                   A        B        C        D        E       F      G
               +--------+--------+--------+--------+--------+-----+--------+
         Total |   1819 |   1654 |    165 |    509 |    825 |   2 |  909.5 |
       Dungeon |   1819 |   1654 |    165 |    509 |    825 |   2 |  909.5 |
               +--------+--------+--------+--------+--------+-----+--------+

Top non-repeatable levels by time:
     D:1: 1712 daAuts
     D:2: 107 daAuts
